cohdb
Replays
Latest Replays
All Replays
Popular Replays
Top Player Replays
Match Explorer
How It Works
Community
CoH3 Stats
Reddit
Sign in to upload your games and track your stats! →
Sign in with Steam
Match 41543256
Unlisted
Match 41543256
Overview
Messages
Build Orders
End
Vickers Machine Gun Team
Construct Section Command Post
Selects Canadian Shock Battlegroup
Infantry Section
Infantry Section
Selects Attacking Spirit
Selects Canadian Shock Section
Construct Platoon Command Post
6-pounder Anti-tank Gun Team
Selects Incendiary Munitions
Canadian Shock Section
Royal Engineer Section
CMP 15cwt Truck
Selects Pyrotechnics
Forward Retreat Point
Construct Company Command Post
Selects Demolition Engineering
Unlock M3 Grant Medium Tanks
Selects Point Assault
M3 Grant Medium Tank
Otter
BlackJackKing
ma2sin
Potato Ball Sack
Rolling ThunderBuds
majintal excumuration
el campo
Komrad Dyatlov
0
0
Comments
sign in to comment!
No comments posted yet!